AoeStats
← jphilkill

Black Forest

507547690Analyzed
4v4 RM · 14d ago on Sep 18, 2026· 54m 14s· 8 players
Game mode
Random Map
Map size
Large (8 player)
Population
200
Speed
Normal
Resources
Standard
Victory
Conquest
Starting age
Dark Age
Ending age
Imperial Age
RankedLock teamsTeams togetherTeam positionsShared explorationLock speedFull tech treeHidden civsTurbo modeCheats
Victory
Defeat
🇨🇴 Khmer · Colombia
940
+12
🇮🇳 Bohemians · India
852
+15
🇫🇷 Franks · France
851
+16
🇩🇪 Celts · Germany
827
+17
🇷🇺 Goths · Russia
844
-15
🇷🇺 Vietnamese · Russia
842
-15
🇷🇺 Bohemians · Russia
841
-15
🇷🇺 Turks · Russia
841
-15
jphilkill
1:20 Loom
12:32 Feudal Age
13:37 Double-Bit Axe
18:02 Castle Age
17:31 Horse Collar
17:44 Gold Mining
20:14 Wheelbarrow
22:44 Heavy Plow
25:53 Bow Saw
25:07 Pikeman
25:48 Husbandry
27:15 Stone Mining
28:54 Gold Shaft Mining
30:22 Scale Mail Armor
30:32 Forging
31:15 Scale Barding Armor
32:35 Hand Cart
36:13 Stone Shaft Mining
36:38 Chain Mail Armor
38:21 Padded Archer Armor
38:12 Fletching
42:20 Imperial Age
41:12 Iron Casting
40:58 Chain Barding Armor
41:54 Bodkin Arrow
42:15 Leather Archer Armor
42:55 Caravan
43:27 Conscription
42:32 Heavy Scorpion
45:13 Chemistry
44:20 Siege Engineers
44:36 Ballistics
43:40 Cavalier
45:24 Furor Celtica
46:51 Plate Mail Armor
47:22 Blast Furnace
48:06 Capped Ram
48:14 Elite Skirmisher
52:18 Halberdier
54:14 Ring Archer Armor
53:19 Siege Ram
HIGHVOLTAGE
1:48 Loom
14:27 Feudal Age
19:05 Castle Age
19:10 Horse Collar
19:26 Double-Bit Axe
20:40 Bow Saw
20:32 Heavy Plow
22:49 Fervor
23:00 Sanctity
25:17 Chemistry
25:31 Wheelbarrow
25:42 Town Watch
29:14 Imperial Age
29:04 Hand Cart
28:55 Treadmill Crane
32:01 Two-Man Saw
35:00 Fortified Wall
37:15 Siege Engineers
37:26 Masonry
37:12 Murder Holes
37:38 Ballistics
37:27 Houfnice
39:43 Pikeman
40:23 Squires
40:09 Arson
40:29 Scale Mail Armor
40:39 Forging
40:29 Padded Archer Armor
45:51 Chain Mail Armor
46:12 Iron Casting
45:52 Leather Archer Armor
47:08 Halberdier
49:13 Plate Mail Armor
51:43 Blast Furnace
51:13 Ring Archer Armor
51:59 Conscription
51:49 Wagenburg Tactics
Chauss110
11:27 Feudal Age
16:57 Castle Age
18:29 Double-Bit Axe
19:43 Bow Saw
19:52 Man-at-Arms
20:49 Scale Barding Armor
20:47 Scale Mail Armor
20:58 Forging
21:25 Bow Saw
23:24 Loom
24:02 Long Swordsman
26:55 Wheelbarrow
27:40 Husbandry
27:42 Gold Mining
29:05 Hand Cart
29:58 Iron Casting
35:27 Imperial Age
33:20 Scale Barding Armor
33:31 Chain Mail Armor
34:08 Masonry
34:20 Ballistics
36:07 #83
35:29 Cavalier
37:14 Architecture
37:07 Chain Barding Armor
38:07 Elite Throwing Axeman
39:23 Hoardings
39:09 Conscription
38:17 Two-Handed Swordsman
39:53 Gold Shaft Mining
39:53 Chivalry
41:08 Town Watch
42:02 Plate Barding Armor
43:01 Paladin
46:44 Blast Furnace
46:11 Champion
49:27 Fortified Wall
49:12 Murder Holes
49:24 Siege Engineers
51:24 Caravan
53:24 Plate Mail Armor
LordSakayO
1:05 Loom
12:49 Feudal Age
17:22 Castle Age
15:14 Double-Bit Axe
15:11 Horse Collar
24:36 Heavy Plow
28:01 Bow Saw
28:56 Wheelbarrow
33:10 Imperial Age
30:40 Stone Mining
30:41 Gold Mining
32:22 Hand Cart
34:11 Husbandry
34:21 Bloodlines
33:34 Light Cavalry
34:37 Conscription
35:21 Crop Rotation
36:13 Gold Shaft Mining
35:57 Forging
35:58 Scale Barding Armor
35:34 Hussar
37:13 Chain Barding Armor
37:29 Iron Casting
38:45 Double Crossbow
40:00 Stone Shaft Mining
39:43 Elite Battle Elephant
42:06 Blast Furnace
41:44 Plate Barding Armor
41:01 Fletching
41:35 Ballistics
42:18 Chemistry
42:25 Elite Ballista Elephant
45:43 Hoardings
47:35 Caravan
48:10 Bodkin Arrow
IvanD
1:54 Loom
19:11 Feudal Age
21:20 Wheelbarrow
20:33 Double-Bit Axe
20:41 Horse Collar
21:01 Gold Mining
21:02 Stone Mining
25:01 Castle Age
22:41 Man-at-Arms
26:52 Hand Cart
27:06 Caravan
27:36 Heavy Plow
27:49 Bow Saw
29:47 Scale Mail Armor
29:58 Forging
31:17 Stone Shaft Mining
31:02 Squires
33:17 Pikeman
34:57 Iron Casting
34:38 Chain Mail Armor
38:09 Imperial Age
36:25 Fletching
36:43 Long Swordsman
37:54 Anarchy
38:32 Town Watch
40:02 Two-Man Saw
39:35 Crop Rotation
38:42 Elite Huskarl
39:22 Perfusion
40:49 Chemistry
40:09 Ballistics
40:34 Conscription
42:04 Blast Furnace
41:19 Halberdier
42:52 Town Patrol
44:01 Bodkin Arrow
44:50 Two-Handed Swordsman
46:03 Champion
Seeker
0:35 Loom
14:40 Feudal Age
15:13 Double-Bit Axe
16:50 Horse Collar
23:57 Castle Age
28:18 Fletching
28:28 Padded Archer Armor
29:09 Wheelbarrow
29:58 Bow Saw
29:50 Heavy Plow
30:21 Forging
30:11 Scale Mail Armor
30:17 Scale Barding Armor
30:51 Caravan
31:45 Hand Cart
32:55 Chemistry
36:44 Imperial Age
38:31 Two-Man Saw
37:50 Leather Archer Armor
37:30 Bodkin Arrow
37:12 Elite Skirmisher
37:13 Crossbowman
39:01 Imperial Skirmisher
40:25 Wagenburg Tactics
42:59 Siege Engineers
43:15 Ballistics
42:20 Pikeman
43:00 Squires
42:45 Arson
42:21 Man-at-Arms
43:12 Bracer
44:04 Halberdier
44:04 Long Swordsman
45:46 Conscription
44:47 Elite Hussite Wagon
46:04 Treadmill Crane
46:37 Fortified Wall
48:11 Ring Archer Armor
48:17 Iron Casting
47:57 Chain Mail Armor
48:02 Chain Barding Armor
47:39 Two-Handed Swordsman
49:02 Champion
53:30 Houfnice
Guardian of Tirisfal
0:43 Loom
11:52 Feudal Age
12:52 Double-Bit Axe
12:48 Horse Collar
18:56 Castle Age
19:19 Fletching
19:29 Padded Archer Armor
20:31 Bodkin Arrow
22:17 Bow Saw
24:04 Wheelbarrow
28:01 Imperial Age
27:56 Hand Cart
28:01 Leather Archer Armor
27:51 Scale Mail Armor
28:13 Forging
29:06 Ballistics
29:41 Gold Mining
32:17 Gold Shaft Mining
32:32 Ring Archer Armor
38:16 Caravan
41:16 Town Watch
45:58 Scale Barding Armor
45:54 Bracer
Shram
0:31 Loom
12:55 Feudal Age
14:42 Wheelbarrow
15:48 Double-Bit Axe
15:45 Horse Collar
15:56 Town Watch
25:56 Castle Age
24:59 Fletching
25:10 Padded Archer Armor
26:55 Caravan
27:17 Hand Cart
26:59 Bodkin Arrow
27:19 Leather Archer Armor
27:09 Heavy Plow
27:22 Bow Saw
27:20 Gold Mining
27:21 Stone Mining
28:28 Town Patrol
28:02 Elite Skirmisher
30:12 Thumb Ring
33:26 Husbandry
33:36 Bloodlines
33:40 Forging
33:30 Scale Mail Armor
34:38 Squires
34:23 Arson
36:47 Ballistics
36:39 Fortified Wall
37:53 Iron Casting
37:34 Chain Mail Armor
37:24 Scale Barding Armor
44:09 Imperial Age
42:25 Chain Barding Armor
42:58 Chatras
43:15 Treadmill Crane
45:15 Paper Money
47:13 Chemistry
46:19 Siege Engineers
47:10 Bracer
48:54 Stone Shaft Mining
48:52 Crop Rotation
52:04 Elite Fire Lancer
Connection lost

Rejoining the realm…

Still unreachable

The connection could not be restored.

Session expired

The server has moved on; the page needs a fresh start.